 Dungeon Crawl Stone Soup version 0.30.1-11-g7821555f0a (webtiles) character file.

Game seed: 5887976158154038813

32 CrazyMind the Vexing (level 3, 24/24 HPs)
             Began as a Demonspawn Enchanter on Dec 26, 2023.
             Quit the game on level 2 of the Dungeon on Dec 27, 2023.
             The game lasted 00:06:23 (1432 turns).

CrazyMind the Vexing (Demonspawn Enchanter)         Turns: 1432, Time: 00:06:24

Health: 24/24      AC:  3    Str:  8    XL:     3   Next: 8%
Magic:  6/6        EV: 12    Int: 18    God:
Gold:   49         SH:  0    Dex: 13    Spells: 1/6 levels left

rFire   . . .        a - +1 dagger
rCold   . . .        (no shield)
rNeg    . . .        b - +0 robe
rPois   .            i - +0 hat
rElec   .            h - +0 cloak
rCorr   .            (no gloves)
SInv    .            (no boots)
Will    .....        d - amulet of regeneration
Stlth   ++           (no ring)
HPRegen 1.04/turn    (no ring)
MPRegen 0.10/turn

%: no passive effects
@: no status effects
A: powered by pain 2
a: no special abilities


You were on level 2 of the Dungeon.
You visited 1 branch of the dungeon, and saw 2 of its levels.

You collected 49 gold pieces.

Inventory:

Hand Weapons
 a - a +1 dagger (weapon)
 f - a +0 short sword
Armour
 b - a +0 robe (worn)
 h - a +0 cloak (worn)
 i - a +0 hat (worn)
 j - a +0 leather armour
Jewellery
 d - an amulet of regeneration (around neck)
Scrolls
 e - 3 scrolls of identify {unknown}
 k - a scroll of noise {unknown}
Potions
 c - 2 potions of invisibility
 g - 3 potions of attraction {unknown}


   Skills:
 + Level 0.2 Fighting
 + Level 1.0 Short Blades
 + Level 1.9 Dodging
 + Level 3.2 Stealth
 + Level 2.1 Spellcasting
 * Level 3.4 Hexes
 * Level 0.2 Ice Magic


You had one spell level left.
You knew the following spells:

 Your Spells              Type           Power      Damage    Failure   Level
a - Ensorcelled Hibernat  Hex/Ice        16%        N/A       13%         2
b - Tukima's Dance        Hex            14%        N/A       13%         3

Your spell library contained the following spells:

 Spells                   Type           Power      Damage    Failure   Level
 Confusing Touch          Hex            14%        N/A       13%         3
 Scorch                   Fire           2%         2d5       26%         2
 Dazzling Flash           Conj/Hex       16%        N/A       26%         3
 Flame Wave               Conj/Fire      1%         2d4       87%         4
 Summon Cactus Giant      Summ           0%         N/A       100%        6


Dungeon Overview and Level Annotations

Branches:
Dungeon (2/15) Zot: 10571

Altars:


Innate Abilities, Weirdness & Mutations

You sometimes gain power by taking damage.


Message History

There is a stone staircase leading up here.
A worm comes into view.
Found a mace.
The helpless worm fails to defend itself.
You puncture the worm!
The worm is almost dead.
You hit the worm.
You kill the worm!
You have reached level 3!
Your experience leads to an increase in your attributes!
Increase (S)trength, (I)ntelligence, or (D)exterity?
You feel clever. x2; Your demonic ancestry asserts itself...
You feel even more energised by your suffering.
Things that are here:
a +0 mace; a worm corpse
Found an escape hatch in the floor.
A hobgoblin comes into view.
Okay, then.
This spell is quite dangerous to cast!
Memorise Tukima's Dance, consuming 3 spell levels and leaving 1?
You start memorising the spell.
You continue memorising. x3
You finish memorising.
Spell assigned to 'b'.
Okay, then.
Things that are here:
a +0 mace; a worm corpse The helpless hobgoblin fails to defend itself.
You puncture the hobgoblin!
You kill the hobgoblin!
Found a stone staircase leading up.
You open the door.
There is an open door here.
k - a scroll labelled ROGE GUG YPP A goblin comes into view.
It is wielding a +0 dagger.
The goblin shouts!
A giant cockroach comes into view.
Found a pair of gloves.
Save game and exit?
Welcome back, CrazyMind the Demonspawn Enchanter.
Press ? for a list of commands and other information.
Are you sure you want to abandon this character and quit the game? (Confirm with "yes".)

##.##..##.#
#...#####.#
#.♣.#####.#
#...#.....#
##>#####..#
###...#..##
##..##.#...###
##.####..###.......#
#....g.@.# ###.#...#
#......#.# #..#####
#......#.# #.##
.......#.. #.
.###..###.# #. #..
.. #. #.B #.##. ...
.#


You could see a giant cockroach and a goblin.

Vanquished Creatures
  A worm (D:2)
  4 ball pythons (D:1)
  4 endoplasms (D:1)
  3 giant cockroaches (D:1)
  A goblin (D:1)
  4 hobgoblins
  A kobold (D:1)
  2 bats (D:1)
  2 frilled lizards (D:1)
  3 rats (D:1)
25 creatures vanquished.

Notes
Turn   | Place    | Note
-------+----------+-------------------------------------------
     0 | D:1      | CrazyMind the Demonspawn Enchanter began the quest for the
                  | Orb.
     0 | D:1      | Reached XP level 1. HP: 13/13 MP: 3/3
   330 | D:1      | Gained mutation: You sometimes gain a little power by
                  | taking damage. [demonic ancestry]
   330 | D:1      | Reached XP level 2. HP: 19/19 MP: 5/5
   333 | D:1      | Learned a level 2 spell: Ensorcelled Hibernation
   816 | D:1      | Reached skill level 1 in Short Blades
  1351 | D:2      | Gained mutation: You sometimes gain power by taking damage.
                  | [demonic ancestry]
  1351 | D:2      | Reached XP level 3. HP: 24/24 MP: 6/6
  1369 | D:2      | Learned a level 3 spell: Tukima's Dance
  1432 | D:2      | Quit the game

Illustrated notes

Levels and vault maps discovered:
D:1:      mainiacjoe_arrival_reflecting_pool, layout_basic,
          nicolae_figureground_pulse
D:2:      layout_rooms, minmay_tree_intersection, grunt_ministairs_5,
          serial_bayou_lagoon_a

Skill      XL: |  1  2 |
---------------+-------+-----
Stealth        | 3 |  3.2
Short Blades   | 1 |  1.0
Fighting       | |  0.2
Dodging        | |  1.9
Spellcasting   | |  2.1
Hexes          | |  3.4
Ice Magic      | |  0.2

Action                     || total
---------------------------++-------
  Melee: Dagger            ||    65
         Punch             ||     1
   Cast: Ensorcelled Hiber ||    11
   Stab: Sleeping          ||    13
 Armour: Robe              ||    13
  Dodge: Dodged            ||    28
